Map: Defender's Landing LE

Players

raizen - Winner!

  • Race: Protoss Protoss
  • Spawn Location: 1:00

Yata

  • Race: Zerg Zerg
  • League: Bronze
  • Spawn Location: 7:00

VOD

Have the link to the VOD?

Description

Time

  • Played on: July 9, 2017, 8:15 p.m.
  • Length: 12:58
Show
View Real Time Build Order
Export as new Build Order

raizen Protoss - Winner!

Build Orders:  

Get SALT Encoding   

  12  0:16  Pylon  
  12  0:18  Probe (Chrono Boost)  
  13  0:36  Gateway  
  14  0:43  Probe (Chrono Boost)  
  14  0:45  Assimilator  
  14  0:53  Probe (Chrono Boost)  
  15  1:04  Probe (Chrono Boost)  
  16  1:14  Probe (Chrono Boost)  
  17  1:33  Cybernetics Core, Probe (Chrono Boost)  
  18  1:43  Zealot  
  20  1:50  Assimilator  
  20  1:52  Pylon  
  20  1:54  Probe (Chrono Boost)  
  20  2:05  Probe (Chrono Boost)  
  21  2:18  Pylon  
  21  2:19  Probe (Chrono Boost)  
  24  2:22  Adept  
  24  2:33  Mothership Core (Chrono Boost)  
  26  2:41  Robotics Facility  
  26  2:51  Probe (Chrono Boost)  
  27  3:01  Pylon  
  27  3:04  Warp Gate  
  27  3:21  Nexus  
  27  3:25  Pylon  
  27  3:30  Stalker (Chrono Boost)  
  27  3:34  Observer  
  30  3:58  Immortal  
  34  4:18  Probe  
  35  4:25  Pylon  
  35  4:55  Immortal  
  39  5:14  Nexus  
  39  5:17  Pylon, Stalker (Chrono Boost)  
  39  5:18  Pylon  
  41  5:38  Robotics Bay  
  41  5:41  Robotics Facility  
  39  5:45  Pylon  
  39  5:49  Assimilator  
  39  5:56  Pylon  
  39  6:04  Immortal  
  43  6:30  Colossus  
  49  6:44  Observer  
  49  6:45  Probe  
  51  6:56  Probe  
  52  7:01  Probe  
  52  7:06  Probe  
  54  7:13  Probe  
  55  7:20  Immortal  
  59  7:29  Pylon, Extended Thermal Lance  
  59  7:30  Probe  
  60  7:40  Assimilator, Probe  
  61  7:51  Probe  
  60  8:11  Immortal, Colossus  
  70  8:15  Probe  
  70  8:19  Pylon  
  71  8:25  Probe  
  72  8:36  Probe  
  72  8:40  Stargate  
  73  8:46  Probe  
  74  9:11  Immortal  
  74  9:12  Immortal  
  85  9:31  Phoenix  
  84  9:41  Robotics Facility  
  84  9:44  Robotics Facility  
  84  9:47  Robotics Facility  
  84  10:06  Gateway  
  84  10:09  Gateway  
  84  10:14  Warp Prism  
  84  10:15  Gateway  
  84  10:17  Gateway  
  86  10:22  Gateway  
  86  10:30  Immortal  
Show
View Real Time Build Order
Export as new Build Order

Yata Zerg 

Build Orders: Hatch First 

Get SALT Encoding   

  12  0:03  Drone  
  13  0:13  Overlord  
  13  0:19  Drone  
  14  0:31  Drone x2  
  16  0:35  Drone  
  17  0:53  Hatchery  
  17  0:56  Drone  
  17  1:03  Drone  
  18  1:06  Extractor  
  17  1:17  Spawning Pool  
  16  1:34  Drone x3  
  19  1:46  Overlord  
  19  2:07  Zergling x4  
  21  2:08  Queen  
  21  2:13  Metabolic Boost  
  23  2:19  Zergling x2  
  24  2:23  Zergling x2  
  25  2:31  Drone  
  25  2:32  Drone x2  
  28  2:37  Drone  
  28  2:44  Queen  
  29  2:46  Queen  
  33  2:54  Drone  
  33  2:55  Drone  
  33  2:56  Overlord  
  35  3:15  Overlord  
  35  3:20  Pneumatized Carapace  
  35  3:30  Drone  
  35  3:31  Drone x5  
  41  3:56  Baneling Nest  
  37  4:18  Drone x6  
  37  4:19  Drone  
  37  4:20  Zergling x4  
  37  4:21  Zergling x6  
  49  4:42  Lair  
  49  4:56  Hatchery  
  48  5:05  Overlord x4  
  48  5:15  Baneling x3  
  48  5:16  Baneling x3  
  43  5:57  Centrifical Hooks  
  43  6:03  Drone  
  43  6:04  Drone x13  
  57  6:17  Queen, Evolution Chamber  
  58  6:43  Hydralisk Den  
  57  6:48  Zergling x2  
  57  6:49  Zergling x24  
  70  7:17  Zerg Melee Weapons Level 1  
  70  7:32  Overseer  
  70  7:43  Baneling x3  
  70  7:44  Baneling  
  57  8:10  Hydralisk  
  59  8:17  Extractor  
  59  8:18  Extractor  
  59  8:19  Extractor  
  56  8:23  Extractor  
  56  8:24  Extractor  
  54  8:28  Roach Warren  
  53  8:46  Hatchery  
  52  8:58  Hydralisk  
  52  8:59  Hydralisk x3  
  60  9:22  Spire  
  59  9:27  Zergling x18  
  59  9:28  Zergling x2  
  59  9:30  Hydralisk x2  
  59  9:31  Hydralisk  
  75  9:48  Queen  
  77  10:07  Hydralisk  
  77  10:08  Hydralisk x4  
  87  10:16  Zerg Missile Weapons Level 1  
  87  10:26  Baneling  
  87  10:27  Baneling x6  
  87  10:28  Baneling x3  
  87  10:33  Zergling x2  
  88  10:38  Overlord x3  
  88  10:39  Overlord  
  51  11:56  Zergling x2  
  51  11:57  Zergling x40  
  55  12:27  Zergling x10  
  55  12:28  Zergling x14  
Tags
 
League
Bronze
Matchup
PvZ
Replay Pack
Pack 1
Spawn Locations
Cross Positions
Add a new tag
Caveats
  • Supply blocks, unpowered buildings, or Contaminate may cause inaccurate times.
  • Supply counts are checked every 10 seconds.